 Dungeon Crawl Stone Soup version 0.23-a0-33-g1e3a2e4e2f (webtiles) character file.

31 RedPan the Skirmisher (level 3, 0/40 HPs)
             Began as an Ogre Monk on Aug 5, 2018.
             Succumbed to an adder's poison
             ... on level 2 of the Dungeon.
             The game lasted 00:01:11 (1205 turns).

RedPan the Skirmisher (Ogre Monk)                   Turns: 1205, Time: 00:01:12

Health: 0/40       AC:  3    Str: 15    XL:     3   Next: 22%
Magic:  3/3        EV: 16    Int: 11    God:
Gold:   82         SH:  0    Dex: 17    Spells: 2/2 levels left

rFire    . . .     SeeInvis .   a - +0 mace
rCold    . . .     Gourm    .   (no shield)
rNeg     . . .     Faith    .   b - +0 robe
rPois    .         Spirit   .   (helmet restricted)
rElec    .         Reflect  .   (no cloak)
rCorr    .         Harm     .   (gloves unavailable)
MR       .....                  (boots unavailable)
Stlth    +++.......             (no amulet)
HPRegen  0.13/turn              (no ring)
MPRegen  0.08/turn              (no ring)

@: agile, lethally poisoned (0 -> -3), flying, very slightly contaminated,
invisible
A: large, unfitting armour, tough skin 1
a: no special abilities


You were on level 2 of the Dungeon.
You were very hungry.

You visited 1 branch of the dungeon, and saw 2 of its levels.

You collected 82 gold pieces.

Inventory:

Hand Weapons
 a - a +0 mace (weapon)
Armour
 b - a +0 robe (worn)
Jewellery
 g - a +6 ring of strength {unknown}
Scrolls
 e - 3 scrolls of identify {unknown}
 h - a scroll of enchant armour {unknown}
 j - a scroll of teleportation {unknown}
Potions
 i - 2 potions of invisibility
Comestibles
 c - a ration


   Skills:
 + Level 4.4 Fighting
 * Level 3.3 Maces & Flails
 + Level 3.0 Dodging
 - Level 1.4 Stealth


You had 2 spell levels left.
You didn't know any spells.
Your spell library was empty.

Dungeon Overview and Level Annotations

Branches:
Dungeon (2/15)

Altars:


Innate Abilities, Weirdness & Mutations

You are too large for most types of armour.
You have tough skin. (AC +1)


Message History

You feel sick. The adder closely misses you.
It was a potion of invisibility.
You fade into invisibility!
The adder closely misses you.
You are very lightly contaminated with residual magic.
You hit the adder.
You kill the adder!
Your Dodging skill increases to level 3!
You have reached level 3!
Your experience leads to an increase in your attributes!
Your base attributes are Str 14, Int 11, Dex 11.
Increase (S)trength, (I)ntelligence, or (D)exterity?
You feel agile.
You feel stronger.
* * * LOW HITPOINT WARNING * * *
You feel sick.
There is a lethal amount of poison in your body!
* * * LOW HITPOINT WARNING * * *
You feel sick.
You are feeling very hungry.
You die...

#.# #.## ...#
.######.###..###....#
....................#
######.####.###....#
#.# #..#.....#
###.#####.).#
#...#......##
#.###.####.# #.###@#
#.# #..##.# #.#
#.....# #.# #...###
#.# #...## #.#
#++####....#
#......†...#
...........#
#.....#.#..#


There were no monsters in sight!

Vanquished Creatures
  An adder (D:2)
  A worm (D:2)
  2 bats
  5 goblins
  A hobgoblin (D:1)
  3 kobolds (D:1)
  A quokka (D:2)
  A frilled lizard (D:2)
  4 rats (D:1)
19 creatures vanquished.

Notes
Turn   | Place    | Note
-------+----------+-------------------------------------------
     0 | D:1      | RedPan the Ogre Monk began the quest for the Orb.
     0 | D:1      | Reached XP level 1. HP: 24/24 MP: 1/1
   206 | D:1      | Reached XP level 2. HP: 12/32 MP: 2/2
  1201 | D:2      | Reached XP level 3. HP: 3/40 MP: 3/3
  1201 | D:2      | HP: 2/40 [poisoned by an adder]
  1205 | D:2      | Succumbed to an adder's poison

Vault maps used:
D:1:      eino_arrival_cavern_c
D:2:      kennysheep_generic_room_6

Skill      XL: |  1  2 |
---------------+-------+-----
Maces & Flails | 3 |  3.3
Dodging        | 3 |  3.0
Fighting       | |  4.4
Stealth        | |  1.4

Action                   || total
-------------------------++-------
Melee: Mace              ||    84
  Use: Potion            ||     3
 Stab: Sleeping          ||     1
Armor: Robe              ||    14
Dodge: Dodged            ||    52

Table legend:
 A = Spawn XP
 B = Non-spawn XP
 C = Spawn XP percentage of total XP
 D = Spawn monster count
 E = Non-spawn monster count
 F = Spawn count percentage of total count
 G = Total turns spent on level
                    A         B        C        D         E        F      G
               +---------+---------+-------+---------+---------+-------+---------
         Total |       0 |      45 |   0.0 |       0 |      19 |   0.0 |  1205
               +---------+---------+-------+---------+---------+-------+---------
           D:1 |       0 |      19 |   0.0 |       0 |      12 |   0.0 |   947
           D:2 |       0 |      26 |   0.0 |       0 |       7 |   0.0 |   258
               +---------+---------+-------+---------+---------+-------+---------
